TOP OF THE 1ST |
Brooklyn Dodgers batting - Pitching for Toledo Titans : RHP Wayne Hurst
|
Pitching: RHP Wayne Hurst
|
|
Batting: RHB Sean Davis
|
0-0: Foul Ball, location: 2F 0-1: Foul Ball, location: 2F 0-2: Strikes out swinging
|
Batting: LHB Rubén López
|
0-0: Called Strike 0-1: Foul Ball, location: 2F 0-2: Strikes out swinging
|
Batting: RHB Thom Wilcox
|
0-0: Ball 1-0: Called Strike 1-1: Called Strike 1-2: Ball 2-2: SINGLE (Groundball, 56D)
|
Batting: LHB Ray Sears
|
0-0: Called Strike 0-1: Ball 1-1: Ball 2-1: Ground out 3-1 (Groundball, 3L)
|
Top of the 1st over - 0 run(s), 1 hit(s), 0 error(s), 1 left on base; Brooklyn 0 - Toledo 0 |
BOTTOM OF THE 1ST |
Toledo Titans batting - Pitching for Brooklyn Dodgers : LHP Todd Hines
|
Pitching: LHP Todd Hines
|
|
Batting: RHB Robbie Roach
|
0-0: Called Strike 0-1: Ball 1-1: Ball 2-1: Ball 3-1: Base on Balls
|
Batting: RHB Sherman Davis
|
0-0: Called Strike 0-1: Fly out, F7 (Flyball, 7S)
|
Batting: LHB Michael Neely
|
0-0: Fly out, F5 (Popup, 56S)
|
Batting: RHB Enrique Pérez
|
0-0: Called Strike 0-1: Ground out 1-3 (Groundball, 13)
|
Bottom of the 1st over - 0 run(s), 0 hit(s), 0 error(s), 1 left on base; Brooklyn 0 - Toledo 0 |
TOP OF THE 2ND |
Brooklyn Dodgers batting - Pitching for Toledo Titans : RHP Wayne Hurst
|
Batting: LHB Pancho García
|
0-0: Called Strike 0-1: SINGLE (Groundball, 56D)
|
Batting: LHB Chris Gregory
|
0-0: Ball 1-0: Ball 2-0: Foul Ball, location: 2F 2-1: Foul Ball, location: 2F 2-2: Fly out, F8 (Flyball, 8RM)
|
Batting: LHB Roberto Rodríguez
|
0-0: Ball 1-0: Ball 2-0: Foul Ball, location: 2F 2-1: Ball 3-1: Foul Ball, location: 2F 3-2: Foul Ball, location: 2F 3-2: Foul Ball, location: 2F 3-2: Base on Balls Pancho García to second
|
Batting: SHB Shojiro Kimura
|
0-0: Ball 1-0: Swinging Strike 1-1: Foul Ball, location: 2F 1-2: Foul Ball, location: 2F 1-2: Ball 2-2: Ball 3-2: Foul Ball, location: 2F 3-2: Fly out, F4 (Popup, 4M)
|
Batting: LHB Todd Hines
|
0-0: Called Strike 0-1: Ball 1-1: Ground out 4-3 (Groundball, 4)
|
Top of the 2nd over - 0 run(s), 1 hit(s), 0 error(s), 2 left on base; Brooklyn 0 - Toledo 0 |
BOTTOM OF THE 2ND |
Toledo Titans batting - Pitching for Brooklyn Dodgers : LHP Todd Hines
|
Batting: LHB Iván Gonzáles
|
0-0: Ball 1-0: Foul Ball, location: 2F 1-1: Foul Ball, location: 2F 1-2: SINGLE (Flyball, 6D)
|
Batting: RHB Harris Harden
|
0-0: Called Strike 0-1: Ball 1-1: Ball 2-1: Fly out, F9 (Flyball, 9D)
|
Batting: LHB David Martínez
|
0-0: Called Strike 0-1: Ball 1-1: Foul Ball, location: 2F 1-2: Strikes out swinging
|
Batting: LHB Rick Harrison
|
0-0: Ball 1-0: Called Strike 1-1: Swinging Strike 1-2: Foul Ball, location: 2F 1-2: Strikes out looking
|
Bottom of the 2nd over - 0 run(s), 1 hit(s), 0 error(s), 1 left on base; Brooklyn 0 - Toledo 0 |
TOP OF THE 3RD |
Brooklyn Dodgers batting - Pitching for Toledo Titans : RHP Wayne Hurst
|
Batting: RHB Sean Davis
|
0-0: Called Strike 0-1: Ball 1-1: Ball 2-1: Swinging Strike 2-2: Foul Ball, location: 2F 2-2: Ball 3-2: Strikes out swinging
|
Batting: LHB Rubén López
|
0-0: Ball 1-0: Ball 2-0: Foul Ball, location: 2F 2-1: SINGLE (Groundball, 34S)
|
Batting: RHB Thom Wilcox
|
0-0: Ball 1-0: Ball 2-0: Called Strike 2-1: Ball 3-1: Foul Ball, location: 2F 3-2: SINGLE (Groundball, 56D) Rubén López to second Rubén López to third
|
Batting: LHB Ray Sears
|
0-0: Ball 1-0: Foul Ball, location: 2F 1-1: Ball 2-1: Fly out, F6 (Popup, 4MD)
|
Batting: LHB Pancho García
|
0-0: Ball 1-0: Called Strike 1-1: Swinging Strike 1-2: Strikes out swinging
|
Top of the 3rd over - 0 run(s), 2 hit(s), 0 error(s), 2 left on base; Brooklyn 0 - Toledo 0 |
BOTTOM OF THE 3RD |
Toledo Titans batting - Pitching for Brooklyn Dodgers : LHP Todd Hines
|
Batting: RHB Wayne Hurst
|
0-0: Ball 1-0: Ball 2-0: Ball 3-0: Called Strike 3-1: Ground out 4-3 (Groundball, 4)
|
Batting: RHB Robbie Roach
|
0-0: Called Strike 0-1: Ball 1-1: SINGLE (Line Drive, 9S)
|
Batting: RHB Sherman Davis
|
0-0: Called Strike 0-1: Foul Ball, location: 2F 0-2: Ball 1-2: Ball 2-2: Fly out, F2 (Popup, 2RF)
|
Batting: LHB Michael Neely
|
0-0: Ball 1-0: Ground out 5-3 (Groundball, 5S)
|
Bottom of the 3rd over - 0 run(s), 1 hit(s), 0 error(s), 1 left on base; Brooklyn 0 - Toledo 0 |
TOP OF THE 4TH |
Brooklyn Dodgers batting - Pitching for Toledo Titans : RHP Wayne Hurst
|
Batting: LHB Chris Gregory
|
0-0: SINGLE (Line Drive, 89S)
|
Batting: LHB Roberto Rodríguez
|
0-0: Ball 1-0: Called Strike 1-1: Foul Ball, location: 2F 1-2: Strikes out swinging
|
Batting: SHB Shojiro Kimura
|
0-0: Ball Chris Gregory is caught stealing 2nd base 1-0: Ground out 5-3 (Groundball, 5S)
|
Top of the 4th over - 0 run(s), 1 hit(s), 0 error(s), 0 left on base; Brooklyn 0 - Toledo 0 |
BOTTOM OF THE 4TH |
Toledo Titans batting - Pitching for Brooklyn Dodgers : LHP Todd Hines
|
Batting: RHB Enrique Pérez
|
0-0: Called Strike 0-1: Ball 1-1: Ball 2-1: Fly out, F9 (Flyball, 9S)
|
Batting: LHB Iván Gonzáles
|
0-0: SINGLE (Groundball, 34)
|
Batting: RHB Harris Harden
|
0-0: Called Strike 0-1: Swinging Strike 0-2: Ball 1-2: Foul Ball, location: 2F 1-2: Ball 2-2: Strikes out swinging
|
Batting: LHB David Martínez
|
0-0: Ball 1-0: Ball Wild Pitch! Iván Gonzáles to second 2-0: Foul Ball, location: 2F 2-1: Foul Ball, location: 2F 2-2: Ground out 6-3 (Groundball, 6)
|
Bottom of the 4th over - 0 run(s), 1 hit(s), 0 error(s), 1 left on base; Brooklyn 0 - Toledo 0 |
TOP OF THE 5TH |
Brooklyn Dodgers batting - Pitching for Toledo Titans : RHP Wayne Hurst
|
Batting: LHB Todd Hines
|
0-0: Ball 1-0: Called Strike 1-1: Ball 2-1: Foul Ball, location: 2F 2-2: Ball 3-2: Strikes out swinging
|
Batting: RHB Sean Davis
|
0-0: SINGLE (Popup, 4D)
|
Batting: LHB Rubén López
|
0-0: Called Strike Sean Davis steals 2nd base 0-1: Ball 1-1: Fly out, F9 (Flyball, 9M)
|
Batting: RHB Thom Wilcox
|
0-0: Swinging Strike 0-1: Called Strike 0-2: Ball 1-2: Ball 2-2: Strikes out swinging
|
Top of the 5th over - 0 run(s), 1 hit(s), 0 error(s), 1 left on base; Brooklyn 0 - Toledo 0 |
BOTTOM OF THE 5TH |
Toledo Titans batting - Pitching for Brooklyn Dodgers : LHP Todd Hines
|
Batting: LHB Rick Harrison
|
0-0: Called Strike 0-1: Foul Ball, location: 2F 0-2: Ball 1-2: Ball 2-2: Strikes out swinging
|
Batting: RHB Wayne Hurst
|
0-0: Ball 1-0: Fly out, F9 (Flyball, 89M)
|
Batting: RHB Robbie Roach
|
0-0: Fly out, F8 (Flyball, 78M)
|
Bottom of the 5th over - 0 run(s), 0 hit(s), 0 error(s), 0 left on base; Brooklyn 0 - Toledo 0 |
TOP OF THE 6TH |
Brooklyn Dodgers batting - Pitching for Toledo Titans : RHP Wayne Hurst
|
Batting: LHB Ray Sears
|
0-0: Called Strike 0-1: Ball 1-1: Called Strike 1-2: Ball 2-2: Ball 3-2: DOUBLE (Flyball, 8LXD)
|
Batting: LHB Pancho García
|
0-0: Ball 1-0: Called Strike 1-1: Ball 2-1: Ball 3-1: Base on Balls
|
Batting: LHB Chris Gregory
|
0-0: Called Strike 0-1: Foul Ball, location: 2F 0-2: Ball 1-2: Foul Ball, location: 2F 1-2: Foul Ball, location: 2F 1-2: Fielders Choice at 2nd, 6-4 (Groundball, 6) Ray Sears to third
|
Batting: LHB Roberto Rodríguez
|
0-0: Ball 1-0: Ball Chris Gregory steals 2nd base 2-0: Fly out, F6 (Line Drive, 6M) 2-0: Lined into DP, U6 (Line Drive, 6M)
|
Top of the 6th over - 0 run(s), 1 hit(s), 0 error(s), 1 left on base; Brooklyn 0 - Toledo 0 |
BOTTOM OF THE 6TH |
Toledo Titans batting - Pitching for Brooklyn Dodgers : LHP Todd Hines
|
Batting: RHB Sherman Davis
|
0-0: Swinging Strike 0-1: Ball 1-1: Ball 2-1: Called Strike 2-2: Ball 3-2: Foul Ball, location: 2F 3-2: Foul Ball, location: 2F 3-2: Strikes out swinging
|
Batting: LHB Michael Neely
|
0-0: Ball 1-0: Called Strike 1-1: Ball 2-1: Fly out, F9 (Flyball, 89M)
|
Batting: RHB Enrique Pérez
|
0-0: Ground out 4-3 (Groundball, 34)
|
Bottom of the 6th over - 0 run(s), 0 hit(s), 0 error(s), 0 left on base; Brooklyn 0 - Toledo 0 |
TOP OF THE 7TH |
Brooklyn Dodgers batting - Pitching for Toledo Titans : RHP Wayne Hurst
|
Batting: SHB Shojiro Kimura
|
0-0: Ball 1-0: Ball 2-0: Foul Ball, location: 2F 2-1: Ground out U3 (Groundball, 3S)
|
Batting: LHB Todd Hines
|
0-0: Ball 1-0: Ball 2-0: Ball 3-0: Called Strike 3-1: Swinging Strike 3-2: Strikes out swinging
|
Batting: RHB Sean Davis
|
0-0: Ball 1-0: Ball 2-0: Foul Ball, location: 2F 2-1: Called Strike 2-2: Fly out, F9 (Flyball, 9D)
|
Top of the 7th over - 0 run(s), 0 hit(s), 0 error(s), 0 left on base; Brooklyn 0 - Toledo 0 |
BOTTOM OF THE 7TH |
Toledo Titans batting - Pitching for Brooklyn Dodgers : LHP Todd Hines
|
Pinch Hitting: LHB Pedro Willis
|
0-0: Ball 1-0: Ball 2-0: Foul Ball, location: 2F 2-1: Foul Ball, location: 2F 2-2: Ball 3-2: Foul Ball, location: 2F 3-2: Ground out U3 (Groundball, 3S)
|
Batting: RHB Harris Harden
|
0-0: Ball 1-0: Called Strike 1-1: Swinging Strike 1-2: SINGLE (Flyball, 9LS)
|
Batting: LHB David Martínez
|
0-0: Ball 1-0: Swinging Strike 1-1: Ball 2-1: Swinging Strike 2-2: SINGLE (Groundball, 3L) Harris Harden to second Runner from 2nd tries for 3rd, SAFE, throw made to third
|
Pinch Hitting: RHB Brad Brown
|
0-0: Ball 1-0: Called Strike David Martínez steals 2nd base 1-1: Ball 2-1: Swinging Strike 2-2: Foul Ball, location: 2F 2-2: Strikes out looking
|
Pinch Hitting: SHB Mustapha Gonzales
|
0-0: Ball 1-0: Ball 2-0: Ground out 6-3 (Groundball, 6M)
|
Bottom of the 7th over - 0 run(s), 2 hit(s), 0 error(s), 2 left on base; Brooklyn 0 - Toledo 0 |
TOP OF THE 8TH |
Brooklyn Dodgers batting - Pitching for Toledo Titans : RHP Wayne Hurst
|
Pitching: RHP Ryoichi Maruyama
|
|
Now at 3B: Pedro Willis
|
|
Now in CF: Brad Brown
|
|
Batting: LHB Rubén López
|
0-0: Ball 1-0: Ball 2-0: Ball 3-0: Called Strike 3-1: Called Strike 3-2: Base on Balls
|
Batting: RHB Thom Wilcox
|
0-0: Called Strike 0-1: SINGLE (Groundball, 5L) Rubén López to second
|
Batting: LHB Ray Sears
|
0-0: Foul Ball, location: 2F 0-1: Ball 1-1: Ball 2-1: Foul Ball, location: 2F 2-2: 3-RUN HOME RUN (Line Drive, 9LD), Distance : 372 ft
|
Pitching: RHP António Lucero
|
|
Batting: LHB Pancho García
|
0-0: Foul Ball, location: 2F 0-1: Ball 1-1: Ball 2-1: Ball 3-1: Called Strike 3-2: Base on Balls
|
Batting: LHB Chris Gregory
|
0-0: Ball 1-0: Hit by Pitch Pancho García to second
|
Batting: LHB Roberto Rodríguez
|
0-0: Ball 1-0: Foul Ball, location: 2F 1-1: Foul Ball, location: 2F 1-2: Strikes out swinging
|
Batting: SHB Shojiro Kimura
|
0-0: Ball 1-0: Foul Ball, location: 2F 1-1: Fly out, F8 (Popup, 4MD)
|
Batting: LHB Todd Hines
|
0-0: Ground out U3 (Groundball, 3S)
|
Top of the 8th over - 3 run(s), 2 hit(s), 0 error(s), 2 left on base; Brooklyn 3 - Toledo 0 |
BOTTOM OF THE 8TH |
Toledo Titans batting - Pitching for Brooklyn Dodgers : LHP Todd Hines
|
Now at 1B: Brad Perry
|
|
Batting: RHB Robbie Roach
|
0-0: Called Strike 0-1: Ball 1-1: Bunt for hit - play at first, batter OUT! 1-4
|
Batting: RHB Sherman Davis
|
0-0: Ball 1-0: Foul Ball, location: 2F 1-1: Ground out 6-3 (Groundball, 6M)
|
Batting: LHB Michael Neely
|
0-0: Called Strike 0-1: Swinging Strike 0-2: Ball 1-2: Strikes out swinging
|
Bottom of the 8th over - 0 run(s), 0 hit(s), 0 error(s), 0 left on base; Brooklyn 3 - Toledo 0 |
TOP OF THE 9TH |
Brooklyn Dodgers batting - Pitching for Toledo Titans : RHP António Lucero
|
Batting: RHB Sean Davis
|
0-0: Ball 1-0: Called Strike 1-1: Foul Ball, location: 2F 1-2: Foul Ball, location: 2F 1-2: Ball 2-2: Ball 3-2: Base on Balls
|
Batting: RHB Brad Perry
|
0-0: Ball Sean Davis steals 2nd base 1-0: Ball 2-0: Ball 3-0: Called Strike 3-1: Foul Ball, location: 2F 3-2: Foul Ball, location: 2F 3-2: Base on Balls
|
Batting: RHB Thom Wilcox
|
0-0: Ball 1-0: Ball 2-0: Foul Ball, location: 2F 2-1: Ball 3-1: DOUBLE (Line Drive, 78D) Sean Davis scores Brad Perry to third
|
Batting: LHB Ray Sears
|
0-0: Intentional Walk
|
Batting: LHB Pancho García
|
0-0: Called Strike 0-1: Ball 1-1: Ball 2-1: Swinging Strike 2-2: Fielders Choice at 2nd, 3-6 (Groundball, 3) Brad Perry scores Thom Wilcox to third
|
Pitching: RHP Raúl Cavazos
|
|
Batting: LHB Chris Gregory
|
0-0: Called Strike 0-1: Ball Wild Pitch! Thom Wilcox scores Pancho García to second 1-1: Ground out 6-3 (Groundball, 6M) Pancho García to third
|
Batting: LHB Roberto Rodríguez
|
0-0: Ball 1-0: Ball 2-0: Ground out 4-3 (Groundball, 4M)
|
Top of the 9th over - 3 run(s), 1 hit(s), 0 error(s), 1 left on base; Brooklyn 6 - Toledo 0 |
BOTTOM OF THE 9TH |
Toledo Titans batting - Pitching for Brooklyn Dodgers : LHP Todd Hines
|
Batting: RHB Enrique Pérez
|
0-0: Ground out 5-3 (Groundball, 5S)
|
Batting: LHB Pedro Willis
|
0-0: Ground out 4-3 (Groundball, 4)
|
Batting: RHB Harris Harden
|
0-0: SINGLE (Line Drive, 4MD)
|
Batting: LHB David Martínez
|
0-0: Ball 1-0: Ball 2-0: Called Strike 2-1: Called Strike 2-2: Ball 3-2: SINGLE (Groundball, 34) Harris Harden to second Harris Harden to third
|
Batting: RHB Brad Brown
|
0-0: Called Strike 0-1: Fly out, F3 (Popup, 3F)
|
Bottom of the 9th over - 0 run(s), 2 hit(s), 0 error(s), 2 left on base; Brooklyn 6 - Toledo 0 |
|